AoeStats
← miguelon01

Arena

509943552Analyzed
4v4 RM · 3d ago on Sep 28, 2026· 60m 55s· 8 players
Game mode
Random Map
Map size
Large (8 player)
Population
200
Speed
Normal
Resources
Standard
Victory
Conquest
Starting age
Dark Age
Ending age
Imperial Age
RankedLock teamsTeams togetherTeam positionsShared explorationLock speedFull tech treeHidden civsTurbo modeCheats
Victory
Defeat
🇺🇸 Malay · United States
1216
+12
🇨🇳 Bohemians · China
1130
+16
🇧🇷 Persians · Brazil
1118
+16
🇮🇹 Jurchens · Italy
1113
+15
🇩🇪 Gurjaras · Germany
1150
-16
🇹🇷 Italians · Türkiye
1128
-15
🇹🇷 Burgundians · Türkiye
1124
-15
🇺🇦 Khmer · Ukraine
1082
-13
3nt0N
2:24 Loom
10:54 Feudal Age
15:27 Castle Age
13:43 Horse Collar
14:29 Double-Bit Axe
15:57 Wheelbarrow
16:27 Bow Saw
29:07 Imperial Age
27:44 Bloodlines
27:35 Husbandry
27:48 Light Cavalry
35:48 Fervor
36:00 Sanctity
36:10 Illumination
36:20 Forging
36:01 Fletching
35:35 Elite Skirmisher
36:24 Elite Shrivamsha Rider
43:52 Hand Cart
45:09 Bodkin Arrow
47:59 Ballistics
48:40 Chemistry
47:45 Padded Archer Armor
51:02 Bracer
55:11 Caravan
56:23 Thumb Ring
BachWagner
11:33 Feudal Age
11:52 Horse Collar
16:16 Castle Age
14:09 Double-Bit Axe
15:12 Gold Mining
16:26 Loom
17:21 Wheelbarrow
19:35 Bow Saw
25:36 Scale Barding Armor
24:56 Cavalier
30:47 Imperial Age
28:32 Husbandry
29:07 Chain Barding Armor
28:58 Forging
31:26 Heavy Plow
30:57 Paladin
32:14 Plate Barding Armor
33:35 Iron Casting
34:36 Sanctity
34:36 Masonry
35:49 Blast Furnace
35:09 Murder Holes
35:38 Block Printing
38:04 Fletching
39:53 Hand Cart
40:17 Bodkin Arrow
41:54 Pikeman
42:36 Scale Mail Armor
42:37 Bracer
44:24 Chemistry
45:49 Caravan
48:07 Conscription
50:48 Light Cavalry
51:46 Hussar
52:11 Halberdier
53:50 Squires
54:06 Chain Mail Armor
58:37 Padded Archer Armor
MEFEYE
9:11 Feudal Age
9:42 Double-Bit Axe
15:07 Castle Age
14:30 Stone Mining
14:32 Gold Mining
14:41 Horse Collar
14:53 Loom
17:34 Wheelbarrow
24:30 Bow Saw
30:19 Imperial Age
28:13 Padded Archer Armor
28:03 Fletching
28:31 Town Watch
29:55 Leather Archer Armor
30:39 Fortified Wall
30:50 Ballistics
32:03 Two-Man Saw
31:32 Scale Mail Armor
31:43 Forging
32:35 Chain Mail Armor
32:53 Squires
34:53 Plate Mail Armor
34:58 Iron Casting
34:42 Heavy Plow
37:47 Chemistry
37:20 Ring Archer Armor
36:45 Bodkin Arrow
38:52 Hand Cart
39:45 Elite Genoese Crossbowman
40:50 Bodkin Arrow
41:29 Conscription
43:08 Arson
44:24 Blast Furnace
43:25 Bracer
43:42 Masonry
43:13 Treadmill Crane
47:12 Hoardings
47:10 Architecture
49:18 Pirotechnia
49:29 Silk Road
59:52 Scale Barding Armor
ATLANT
0:32 Loom
14:21 Feudal Age
17:35 Castle Age
16:01 Double-Bit Axe
16:00 Horse Collar
18:34 Wheelbarrow
18:39 Bloodlines
19:20 Bow Saw
20:02 Light Cavalry
20:42 Husbandry
23:41 Hand Cart
25:20 Heavy Plow
26:57 Gold Mining
26:57 Stone Mining
34:42 Imperial Age
34:59 Tusk Swords
36:19 Scale Barding Armor
36:25 Forging
36:38 Elite Battle Elephant
38:08 Chain Barding Armor
38:50 Crop Rotation
39:23 Iron Casting
40:29 Plate Barding Armor
40:33 Stone Shaft Mining
40:33 Gold Shaft Mining
41:54 Blast Furnace
42:42 Conscription
43:45 Hussar
44:54 Caravan
45:25 Coinage
46:34 Double Crossbow
47:11 Hoardings
46:37 Murder Holes
46:54 Fortified Wall
47:37 Fletching
51:19 Banking
50:53 Heavy Scorpion
52:21 Elite Ballista Elephant
53:47 Banking
Groove7731
3:59 Loom
7:13 Loom
10:26 Feudal Age
14:13 Castle Age
12:36 Double-Bit Axe
20:18 Wheelbarrow
19:29 Town Watch
20:37 Horse Collar
22:42 Gold Mining
27:00 Heavy Plow
27:11 Scale Barding Armor
27:19 Bow Saw
30:11 Imperial Age
27:58 Hand Cart
28:10 Forging
27:51 Fletching
28:28 Stone Mining
30:10 Iron Casting
30:09 Husbandry
29:31 Elite Battle Elephant
32:23 Light Cavalry
34:05 Devotion
36:11 Blast Furnace
36:06 Crop Rotation
37:07 Chemistry
36:35 Bodkin Arrow
40:25 Gold Shaft Mining
40:36 Bracer
40:37 Padded Archer Armor
40:58 Ballistics
40:50 Masonry
42:14 Leather Archer Armor
43:23 Coinage
43:28 Conscription
45:32 Ring Archer Armor
45:17 Siege Engineers
44:54 Treadmill Crane
45:20 Elite Skirmisher
46:27 Thumb Ring
45:44 Crossbowman
47:13 Stone Shaft Mining
46:41 Arbalester
55:55 Banking
55:56 Murder Holes
59:01 Forced Levy
58:25 Pikeman
58:51 Arson
59:08 Squires
58:28 Man-at-Arms
59:16 Halberdier
59:41 Long Swordsman
60:20 Two-Handed Swordsman
Tikka Masala
10:54 Feudal Age
12:08 Double-Bit Axe
14:30 Castle Age
13:05 Horse Collar
15:49 Bow Saw
21:02 Stone Mining
21:02 Gold Mining
22:20 Wheelbarrow
22:21 Gold Mining
23:00 Heavy Plow
23:52 Gold Shaft Mining
24:13 Hand Cart
23:43 Loom
30:01 Imperial Age
30:43 Ballistics
30:05 Treadmill Crane
31:15 Stone Shaft Mining
30:12 Pikeman
31:08 Thunderclap Bombs
32:06 Chemistry
32:06 Conscription
32:35 Fortified Wall
33:06 Squires
39:57 Two-Man Saw
38:46 Heavy Rocket Cart
42:19 Hoardings
41:52 Siege Engineers
54:16 Elite Skirmisher
56:47 Arrowslits
A Sir
0:31 Loom
11:06 Feudal Age
15:31 Castle Age
14:02 Double-Bit Axe
14:09 Horse Collar
22:18 Imperial Age
22:02 Chemistry
21:43 Padded Archer Armor
32:25 Wheelbarrow
32:02 Bow Saw
31:54 Heavy Plow
36:38 Squires
35:59 Pikeman
38:46 Scale Mail Armor
40:57 Halberdier
43:10 Hand Cart
44:34 Conscription
46:58 Chain Mail Armor
47:55 Arson
48:44 Plate Mail Armor
48:24 Forging
50:30 Two-Man Saw
52:57 Iron Casting
60:22 Blast Furnace
miguelon01
11:51 Feudal Age
12:33 Loom
15:57 Castle Age
13:49 Stone Mining
14:09 Double-Bit Axe
16:14 Horse Collar
16:27 Gold Mining
21:22 Wheelbarrow
27:22 Imperial Age
25:26 Forging
25:28 Scale Barding Armor
28:23 Fletching
30:50 Bow Saw
31:47 Gold Shaft Mining
31:25 Heavy Plow
31:57 Onager
32:29 Elite War Elephant
34:32 Chain Barding Armor
36:23 Pikeman
37:04 Squires
38:13 Plate Barding Armor
39:14 Scale Mail Armor
39:49 Iron Casting
38:47 Onager
40:12 Halberdier
45:14 Chain Mail Armor
47:34 Two-Man Saw
47:06 Crop Rotation
47:19 Kamandaran
57:29 Blast Furnace
57:00 Plate Mail Armor
59:17 Hand Cart
58:36 Light Cavalry
59:33 Bloodlines
Connection lost

Rejoining the realm…

Still unreachable

The connection could not be restored.

Session expired

The server has moved on; the page needs a fresh start.